 Dungeon Crawl Stone Soup version 0.30-a0-368-g86fb4627a9 (webtiles) character file.

Game seed: 9592376838709177688

105 Stossel the Shooter (level 4, 0/23 HPs)
             Began as a Spriggan Hunter on Nov 18, 2022.
             Killed from afar by an orc wizard (5 damage)
             ... with a magic dart
             ... on level 3 of the Dungeon.
             The game lasted 00:04:23 (1601 turns).

Stossel the Shooter (Spriggan Hunter)               Turns: 1601, Time: 00:04:24

Health: 0/23       AC:  2    Str:  7    XL:     4   Next: 54%
Magic:  5/5        EV: 19    Int: 10    God:
Gold:   69         SH:  0    Dex: 20    Spells: 3/3 levels left

rFire   . . .      SeeInvis +    a - +0 shortbow
rCold   . . .      Faith    .    (shield currently unavailable)
rNeg    . . .      Spirit   .    c - +0 robe
rPois   .          Reflect  .    (helmet restricted)
rElec   .          Harm     .    (no cloak)
rCorr   .          Rampage  .    (gloves unavailable)
Will    .....                    (boots unavailable)
Stlth   +++.......               (no amulet)
HPRegen 0.23/turn                (no ring)
MPRegen 0.09/turn                (no ring)

@: very quick
A: very small, no large weapons, unfitting armour, see invisible, speed 3
a: no special abilities


You were on level 3 of the Dungeon.
You visited 1 branch of the dungeon, and saw 3 of its levels.

You collected 69 gold pieces.

Inventory:

Hand Weapons
 a - a +0 shortbow (weapon)
 b - a +2 dagger of venom
Armour
 c - a +0 robe (worn)
Jewellery
 h - an amulet of guardian spirit
Scrolls
 d - a scroll of magic mapping {unknown}
 f - 2 scrolls of immolation
 g - 4 scrolls of identify {unknown}
 i - a scroll of enchant armour {unknown}
 j - a scroll of blinking {unknown}
 k - a scroll of vulnerability {unknown}
 l - a scroll of silence {unknown}
Potions
 e - a potion of curing {unknown}


   Skills:
 - Level 2.0 Fighting
 + Level 4.6 Ranged Weapons
 + Level 4.2 Dodging
 + Level 4.0 Stealth


You had 3 spell levels left.
You didn't know any spells.
Your spell library was empty.

Dungeon Overview and Level Annotations

Branches:
Dungeon (3/15)

Altars:

Shops:
D:3 (


Innate Abilities, Weirdness & Mutations

You are very small and have problems with some larger weapons.
You are too small for most types of armour.
You have supernaturally acute eyesight. (SInv)
You cover ground extremely quickly. (Speed+++)


Message History

You shoot an arrow. The arrow misses the orc wizard.
Fire: a) +0 shortbow
Press: ? - help, Q - select action Shift-Dir - straight line, f/p - orc wizard
Aim: an orc wizard, wielding a +0 dagger and wearing a +0 robe (59% to hit)
You shoot an arrow. The arrow barely misses the orc wizard.
The orc wizard gestures at you while chanting.
The puff of flame hits you!
Fire: a) +0 shortbow
Press: ? - help, Q - select action Shift-Dir - straight line, f/p - orc wizard
Aim: an orc wizard, wielding a +0 dagger and wearing a +0 robe (59% to hit)
You shoot an arrow. The arrow hits the orc wizard.
The orc wizard is moderately wounded.
Fire: a) +0 shortbow
Press: ? - help, Q - select action Shift-Dir - straight line, f/p - orc wizard
Aim: an orc wizard, wielding a +0 dagger and wearing a +0 robe (moderately wounded, 59% to hit)
You shoot an arrow. The arrow hits the orc wizard.
The orc wizard is severely wounded.
The orc wizard hits you with a +0 dagger.
* * * LOW HITPOINT WARNING * * *
Fire: a) +0 shortbow
Press: ? - help, Q - select action Shift-Dir - straight line, f/p - orc wizard
Aim: an orc wizard, wielding a +0 dagger and wearing a +0 robe (severely wounded, 59% to hit)
You shoot an arrow. The arrow barely misses the orc wizard.
The orc wizard closely misses you.
Fire: a) +0 shortbow
Press: ? - help, Q - select action Shift-Dir - straight line, f/p - orc wizard
Aim: an orc wizard, wielding a +0 dagger and wearing a +0 robe (severely wounded, 59% to hit)
You shoot an arrow.
The arrow hits the orc wizard but does no damage.
The orc wizard is severely wounded.
The orc wizard misses you.
Fire: a) +0 shortbow
Press: ? - help, Q - select action Shift-Dir - straight line, f/p - orc wizard
Aim: an orc wizard, wielding a +0 dagger and wearing a +0 robe (severely wounded, 59% to hit)
You shoot an arrow. The arrow hits the orc wizard.
The orc wizard is severely wounded.
The orc wizard completely misses you.
The orc wizard gestures at you while chanting.
The magic dart hits you.
You die...

#.# #.# #.. #.# #.#
######## #.# #.# . #...)o.#
#.# #.# .# #.####.# #.#
#.######..#
#.####.######.###....[.....
#.o..#...o@...##...........
#####.#########...........#
.[# #.# #)#.######### #.#
#o# #.#.# #.# #.# #.#>#
#.###)# #<#.# #..##.# #.#.#
#.....# #.#.# #..#### #.#.#


You could see an orc wizard.

Vanquished Creatures
  An orc wizard (D:3)
  2 adders (D:2)
  A dart slug (D:2)
  6 orcs
  8 ball pythons
  8 bats
  5 endoplasms
  2 giant cockroaches
  2 goblins (D:1)
  3 hobgoblins
  4 jackals (D:1)
  A quokka (D:1)
  A frilled lizard (D:2)
  4 kobolds
  4 rats
52 creatures vanquished.

Notes
Turn   | Place    | Note
-------+----------+-------------------------------------------
     0 | D:1      | Stossel the Spriggan Hunter began the quest for the Orb.
     0 | D:1      | Reached XP level 1. HP: 10/10 MP: 2/2
   130 | D:1      | Reached XP level 2. HP: 15/15 MP: 3/3
   330 | D:1      | Reached XP level 3. HP: 18/18 MP: 4/4
   371 | D:1      | You fall into a shaft and drop 1 floor!
  1401 | D:2      | Reached XP level 4. HP: 23/23 MP: 5/5
  1547 | D:3      | Found Hoopt's Antique Weapon Shop.
  1601 | D:3      | Killed from afar by an orc wizard

Illustrated notes

Levels and vault maps discovered:
D:1:      minmay_arrival_four_circles, layout_loops_ring,
          hellmonk_ecumenical_altar_prayer_group
D:2:      layout_basic, st_stairs_1, roderic_roman_lattice
D:3:      layout_loops_ring, serial_shops,
          nicolae_shop_competitors_out_of_business

Skill      XL: |  1  2  3  4 |
---------------+-------------+-----
Stealth        | 2 3 4 |  4.0
Dodging        | 3 4 |  4.2
Fighting       | 2 |  2.0
Ranged Weapons | |  4.6

Action                   |  1- 3 |  4- 6 || total
-------------------------+-------+-------++-------
 Fire: Shortbow          |   108 |    39 ||   147
Armor: Robe              |     2 |       ||     2
Dodge: Dodged            |    34 |    12 ||    46

Table legend: (Time is in decaauts)
 A = Elapsed time spent in this place.
 B = Non-inter-level travel time spent in this place.
 C = Inter-level travel time spent in this place.
 D = Time resting spent in this place.
 E = Time spent auto-exploring this place.
 F = Levels seen in this place.
 G = Mean time per level.
                   A        B        C        D        E       F      G
               +--------+--------+--------+--------+--------+-----+--------+
         Total |   1087 |   1040 |     47 |      0 |    638 |   3 |  362.3 |
       Dungeon |   1087 |   1040 |     47 |      0 |    638 |   3 |  362.3 |
               +--------+--------+--------+--------+--------+-----+--------+

Top non-repeatable levels by time:
     D:2: 713 daAuts
     D:1: 266 daAuts
     D:3: 106 daAuts
